 Dungeon Crawl Stone Soup version 0.18.1-48-g4cf74bf (webtiles) character file.

214088 Gargoyl the Tortoise (level 18, -11/142 HPs)
             Began as a Demonspawn Abyssal Knight on Aug 24, 2016.
             Was the Champion of Lugonu.
             Mangled by Mennas
             ... wielding a +3 eudemon blade of holy wrath
              (12 damage)
             ... on level 2 of the Vaults.
             The game lasted 01:43:31 (41088 turns).

Gargoyl the Tortoise (Demonspawn Abyssal Knight)   Turns: 41088, Time: 01:43:32

Health: -11/142    AC: 32    Str: 24 (27) XL:     18   Next: 29%
Magic:  0/22       EV: 24    Int: 13 (16) God:    Lugonu [******]
Gold:   2682       SH: 15    Dex: 19 (22) Spells: 0 memorised, 17 levels left

rFire  . . .     SeeInvis .     D - +4 hand axe (elec)
rCold  + . .     Gourm    +     E - +3 chain mail of Poaloder {rPois Int+3}
rNeg   . . .     Faith    .     h - +0 shield
rPois  +         Spirit   +     W - +1 helmet
rElec  +         Dismiss  .     a - +2 cloak of Starlight {rElec rC+ EV+4 Stlth--}
rCorr  .         Reflect  .     H - +2 pair of gloves
SustAt .         Harm     .     G - +0 pair of boots "Ovvyow" {rElec MR+ Regen+}
MR     ++...                    U - amulet of the gourmand
Stlth  ..........               v - +3 ring of strength
                                w - +2 ring of dexterity

@: mighty, agile, marked, hasted, glowing, silenced, very quick, very resistant
to hostile enchantments, extremely unstealthy
A: claws 2, slimy green scales 2, blurry vision 2, low mp 1, regeneration 1,
spiny 3, magic shield, magic regeneration, magic link
a: Renounce Religion
}: 1/15 runes: gossamer


You were on level 2 of the Vaults.
You worshipped Lugonu.
Lugonu was exalted by your worship.
You were full.

You visited 5 branches of the dungeon, and saw 30 of its levels.
You visited the Abyss 5 times.
You also visited: Sewer.

You collected 3226 gold pieces.
You spent 544 gold pieces at shops.

Inventory:

Hand Weapons
 x - a +0 blowgun
 D - a +4 hand axe of electrocution (weapon)
 J - a +0 war axe
 Q - the +8 whip "Esorom" {freeze, rF+ Str+4 Stlth+}
   (You found it on level 9 of the Dungeon)

   It has been specially enchanted to freeze those struck by it, causing extra
   injury to most foes and up to half again as much damage against particularly
   susceptible opponents.
   It can also slow down cold-blooded creatures.
   It affects your strength (+4).
   It protects you from fire.
   It makes you more stealthy.
Missiles
 l - 7 exploding tomahawks
 s - 18 tomahawks (quivered)
 y - 112 poisoned needles
Armour
 a - the +2 cloak of Starlight (worn) {rElec rC+ EV+4 Stlth--}
   (You acquired it on level 6 of the Dungeon)

   It affects your evasion (+4).
   It protects you from cold.
   It insulates you from electricity.
   It makes you much less stealthy.
 h - a +0 shield (worn)
 E - the +3 chain mail of Poaloder (worn) {rPois Int+3}
   (You found it on level 8 of the Lair of Beasts)

   It affects your intelligence (+3).
   It protects you from poison.
 G - the +0 pair of boots "Ovvyow" (worn) {rElec MR+ Regen+}
   (You found it on level 8 of the Lair of Beasts)

   It insulates you from electricity.
   It affects your resistance to hostile enchantments.
   It increases your rate of regeneration.
 H - a +2 pair of gloves (worn)
 W - a +1 helmet (worn)
Rods
 M - a +0 rod of inaccuracy (12/12)
   (You found it on level 3 of the Abyss)
Jewellery
 g - an uncursed ring of positive energy
 i - an uncursed ring of see invisible
 v - a +3 ring of strength (right hand)
 w - a +2 ring of dexterity (left hand)
 O - an uncursed ring of poison resistance
 U - an amulet of the gourmand (around neck)
 Y - an uncursed ring of magical power
Wands
 d - a wand of polymorph (22/24)
 t - a wand of disintegration (12/24)
 S - a wand of digging (7/24)
 V - a wand of paralysis (5/24)
Scrolls
 e - 9 scrolls of teleportation
 j - 4 scrolls of magic mapping
 n - 8 scrolls of remove curse
 r - 4 scrolls of fear
 C - 5 scrolls of identify
 I - 5 scrolls of recharging
 T - 5 scrolls of fog
Potions
 f - a potion of brilliance
 k - a potion of curing
 p - 4 potions of flight
 q - a potion of ambrosia
 B - 2 potions of agility
 R - a potion of haste
Miscellaneous
 o - a phial of floods
 F - a box of beasts
 X - a box of beasts
Comestibles
 c - 16 bread rations
 m - 13 meat rations
 u - 4 slices of pizza
 z - 9 royal jellies
 A - 5 beef jerkies
 N - 4 fruits


   Skills:
 + Level 12.6 Fighting
 + Level 13.1 Axes
 + Level 0.1(8.5) Maces & Flails
 + Level 4.0 Throwing
 * Level 17.1 Armour
 + Level 8.9 Dodging
 + Level 3.5 Stealth
 + Level 14.8 Shields
 + Level 9.0 Invocations


You had 17 spell levels left.
You didn't know any spells.

Dungeon Overview and Level Annotations

Branches:
Dungeon (14/15)            Temple (0/1) D:7            Lair (8/8) D:11
 Shoals (0/4) Lair:6       Spider (4/4) Lair:3        Slime (0/6) Lair:8
    Orc (2/2) D:10            Elf (0/3) Orc:2        Vaults (2/5) D:14
  Crypt: Vaults:2-3

Altars:
Dithmenos
Elyvilon
Fedhas
Gozag
Kikubaaqudgha
Makhleb
Nemelex Xobeh
Pakellas
Qazlal
Ru
Sif Muna
Vehumet
Xom
Yredelemnul
The Shining One
Jiyva

Shops:
D:4 :   D:6 =}   D:8 *   Orc:2 *=*

Annotations:
Vaults:2 Jory, Mennas, Xtahua
Abyss:1 Pikel


Innate Abilities, Weirdness & Mutations

You have very sharp fingernails.
You are mostly covered in slimy green scales (AC +3).
You are completely covered in sharp spines.
When hurt, damage is shared between your health and your magic reserves.
You regenerate magic rapidly.
When low on magic, you restore magic in place of health.
Scrolls take you longer to read.
Your magical capacity is low (-10% MP).
Your natural rate of healing is unusually fast.


Message History

You convulse!!
Mennas hits you but does no damage.
You miss Mennas.
Mennas is moderately wounded.
You block Mennas's attack. Mennas hits you but does no damage.
Read which item? (? for menu, Esc to quit)
Okay, then.
That item cannot be evoked!
You block Mennas's attack. Mennas hits you but does no damage.
Drink which item? (? for menu, Esc to quit)
You feel yourself speed up.
Mennas hits you with an eudemon blade of holy wrath!
You convulse.
You block Mennas's attack. Xtahua breathes flames at you.
The searing blast hits you!
* * * LOW HITPOINT WARNING * * *
Mennas is struck by your spines.
Mennas hits you with an eudemon blade of holy wrath!
* * * LOW HITPOINT WARNING * * *
You convulse!
You die...

..#############...# #.
..#...... #...# #.
..#.... #...# #.
..#..# #.ZD# #. ..#..#
#...##############.
..#..#
#..................
..'..+
#..................
..#..#
#.)..(.............
..#..#
#.@A...####'#+###''
..#..#######. #..s...#
#........
..#.......... #......#
#........
..#.......... #......#
#........
..###'#########s.....#
#........
....#.....#..........#
#....>...
....#.....#..........#
#........
....#.....#..........#
#########
....#.....'........


You could see Mennas, Xtahua, 2 wolf spiders and a storm dragon simulacrum.

Vanquished Creatures
  Rupert (D:13)
  Frances (D:14)
  4 emperor scorpions
  A deep elf sorcerer (Vaults:1)
  10 ghost moths
  An orc warlord (D:10)
  4 very ugly things (Vaults:2)
  5 ironheart preservers
  A stone giant (Vaults:2)
  4 spark wasps
  A deep elf death mage (Vaults:1)
  Josephine (D:10)
  5 vault guards (D:14)
  A great orb of eyes (Vaults:2)
  3 yaktaur captains (Vaults:1)
  An entropy weaver (Spider:2)
  A hydra (D:11)
  2 centaur warriors
  5 catoblepae
  20 death yaks
  5 ogre magi
  2 tengu warriors (D:14)
  A deep troll shaman (Vaults:1)
  2 thrashing horrors (Abyss:3)
  A deep elf knight (D:14)
  2 fire crabs (shapeshifter) (Vaults:1)
  A shadow wraith (Vaults:1)
  An iron troll (Orc:1)
  3 skeletal warriors
  A giant orange brain (Vaults:2)
  A flayed ghost (Vaults:2)
  4 unseen horrors
  4 deep trolls
  3 deep elf archers
  A wizard (D:14)
  A phantasmal warrior (Vaults:2)
  3 ironbrand convokers
  A lindwurm (shapeshifter) (Vaults:1)
  5 orc knights
  7 hill giants
  A deep elf mage (D:13)
  5 griffons
  3 orc sorcerers
  42 wolf spiders
  13 ugly things
  A shining eye (Abyss:3)
  10 cyclopes
  12 orb spiders
  7 hornets
  2 elephants
  The ghost of Iskender the Covert, a novice OpWn of Gozag (D:5)
  A guardian serpent (D:9)
  A siren (Lair:6)
  3 black mambas
  3 torpor snails
  2 vault sentinels
  Psyche (D:8)
  3 centaur zombies
  3 kobold demonologists (D:11)
  17 spiny frogs
  5 komodo dragons
  2 rime drakes
  4 yaktaurs (Vaults:1)
  A tengu conjurer (D:14)
  10 demonic crawlers
  A queen bee (Lair:5)
  15 trolls
  A merfolk (shapeshifter) (Vaults:1)
  36 jumping spiders
  14 two-headed ogres
  The ghost of Gargoyl the Skirmisher, an amateur DsAK of Lugonu (D:4)
  4 boulder beetles
  4 raiju (Abyss:3)
  37 blink frogs
  5 slime creatures
  77 redbacks
  A spriggan (shapeshifter) (Vaults:1)
  2 spriggans
  A shadow (D:11)
  25 tarantellas
  4 wyverns
  A water elemental (D:14)
  8 wraiths
  A human (D:14)
  41 yaks
  Grum (D:10)
  A yak (shapeshifter) (D:13)
  10 hippogriffs
  A hippogriff (shapeshifter) (Vaults:1)
  5 basilisks
  7 vampire mosquitoes
  3 hungry ghosts
  2 wargs
  25 water moccasins
  15 porcupines
  A slave (D:4)
  3 ice beasts
  5 sky beasts
  19 orc warriors
  An eye of draining (shapeshifter) (Vaults:2)
  2 wasps
  A black bear (D:12)
  10 wolves
  47 ogres
  19 centaurs
  3 phantoms
  13 crocodiles
  6 big kobolds
  Blork the orc (D:4)
  13 giant frogs
  3 scorpions
  4 jellies
  32 killer bees
  9 wights
  2 howler monkeys (D:11)
  4 electric eels
  4 crimson imps
  A giant frog zombie (D:13)
  3 quasits
  19 orc priests
  4 hounds
  2 centaur skeletons
  3 giant frog skeletons (D:12)
  6 iguanas
  14 worker ants
  3 hell rats (D:8)
  24 orc wizards
  22 sheep
  2 hound skeletons (D:4)
  A howler monkey zombie (D:9)
  3 gnolls (D:6)
  56 river rats
  12 adders
  2 shadow imps (D:8)
  2 oozes
  3 adder skeletons
  3 worms
  8 giant geckos
  69 orcs
  A ball python (D:6)
  7 bats
  6 giant cockroaches
  7 goblins
  5 hobgoblins
  17 jackals
  23 kobolds
  4 quokkas
  9 giant newts
  A jackal skeleton (D:4)
  A jackal zombie (D:7)
  37 rats
  9 fungi
  5 plants
1219 creatures vanquished.

Vanquished Creatures (collateral kills)
  An entropy weaver (Spider:2)
  2 redbacks (Spider:2)
3 creatures vanquished.

Vanquished Creatures (others)
  8 hydras
  A wolf spider (Spider:1)
  6 orb spiders
  A spiny frog (Lair:5)
  A demonic crawler (Spider:1)
  A redback (Spider:1)
  2 tarantellas
  An iguana (Lair:1)
  An orc (Orc:1)
  A bush (Lair:8)
  22 fungi
  11 plants
56 creatures vanquished.

Grand Total: 1278 creatures vanquished

Notes
Turn   | Place    | Note
--------------------------------------------------------------
     0 | Abyss:1  | Gargoyl the Demonspawn Abyssal Knight began the quest for the Orb.
     0 | Abyss:1  | Reached XP level 1. HP: 18/18 MP: 2/2
   105 | Abyss:3  | Noticed a ynoxinul
   106 | D:1      | Escaped the Abyss
   178 | D:1      | Reached skill level 2 in Armour
   200 | D:1      | Reached * piety under Lugonu
   230 | D:1      | Gained mutation: You are partially covered in sharp spines. [demonic ancestry]
   230 | D:1      | Reached XP level 2. HP: 18/24 MP: 3/3
   584 | D:1      | Reached skill level 1 in Dodging
   723 | D:2      | Gained mutation: You are partially covered in slimy green scales (AC +2). [demonic ancestry]
   723 | D:2      | Reached XP level 3. HP: 23/29 MP: 5/5
   874 | D:2      | Reached ** piety under Lugonu
  1248 | D:2      | Found a blossoming altar of Fedhas.
  1267 | D:2      | Reached XP level 4. HP: 36/36 MP: 6/6
  1318 | D:2      | You fall through a shaft for 2 floors!
  1318 | D:4      | Found a glowing drain.
  1354 | Sewer    | Entered a sewer
  1418 | Sewer    | Noticed a big kobold
  1431 | Sewer    | Killed a big kobold
  1431 | Sewer    | Reached skill level 3 in Armour
  1431 | Sewer    | Reached skill level 1 in Shields
  1431 | Sewer    | Gained mutation: You are mostly covered in slimy green scales (AC +3). [demonic ancestry]
  1431 | Sewer    | Reached XP level 5. HP: 18/42 MP: 7/7
  1612 | Sewer    | Found a white marble altar of Elyvilon.
  1680 | D:4      | Found Govoahy's Book Shop.
  1722 | D:3      | Noticed a hungry ghost
  1736 | D:3      | Killed a hungry ghost
  1736 | D:3      | Reached skill level 1 in Stealth
  1736 | D:3      | Gained mutation: You have sharp fingernails. [demonic ancestry]
  1736 | D:3      | Reached XP level 6. HP: 47/48 MP: 8/8
  1905 | D:3      | Reached *** piety under Lugonu
  2380 | D:4      | Noticed Gargoyl's ghost (amateur DsAK)
  2405 | D:4      | Killed Gargoyl's ghost
  2405 | D:4      | Reached skill level 4 in Armour
  2405 | D:4      | Reached XP level 7. HP: 27/54 MP: 9/9
  2675 | D:4      | Noticed Pikel
  2753 | D:3      | Reached skill level 5 in Armour
  3198 | D:4      | Banished Pikel
  3198 | D:4      | Reached skill level 1 in Throwing
  3236 | D:4      | Found a sparkling altar of Nemelex Xobeh.
  3331 | D:4      | Found a white marble altar of Elyvilon.
  3385 | D:4      | Reached XP level 8. HP: 50/61 MP: 10/10
  3553 | D:5      | Entered Level 5 of the Dungeon
  3621 | D:5      | Noticed Iskender's ghost (novice OpWn)
  3634 | D:5      | Reached skill level 6 in Armour
  3635 | D:5      | Noticed Blork the orc
  3648 | D:4      | Killed Blork the orc
  3844 | D:5      | Killed Iskender's ghost
  3844 | D:5      | Reached skill level 5 in Fighting
  4182 | D:5      | Gained mutation: When hurt, damage is shared between your health and your magic reserves. [demonic ancestry]
  4182 | D:5      | Reached XP level 9. HP: 41/68 MP: 11/11
  4465 | D:5      | Found a sparkling altar of Nemelex Xobeh.
  4764 | D:6      | Found Awikh's Gadget Emporium.
  4776 | D:6      | Found a shadowy altar of Dithmenos.
  4802 | D:6      | Reached **** piety under Lugonu
  4961 | D:6      | Reached skill level 7 in Armour
  4976 | D:6      | Found Rerad's Jewellery Shop.
  5200 | D:6      | Identified a scroll of acquirement
  6122 | D:7      | Reached skill level 5 in Axes
  6445 | D:7      | Found a burning altar of Makhleb.
  6640 | D:7      | Found a staircase to the Ecumenical Temple.
  6736 | D:8      | Found a stormy altar of Qazlal.
  6782 | D:8      | Found an opulent altar of Gozag.
  6786 | D:8      | Reached skill level 8 in Armour
  6810 | D:8      | Noticed Psyche
  6818 | D:8      | Killed Psyche
  6984 | D:8      | Got a brightly glowing chain mail
  6989 | D:8      | Identified the +8 chain mail of the Solstice {-Tele Str+10 Slay+4} (You found it on level 8 of the Dungeon)
  7014 | D:8      | Found Yhupont's General Store.
  7031 | D:8      | Bought a potion of berserk rage for 70 gold pieces
  7031 | D:8      | Bought a scroll of blinking for 105 gold pieces
  7374 | D:8      | Found a blossoming altar of Fedhas.
  7457 | D:8      | Found a basalt altar of Yredelemnul.
  7470 | D:8      | Found a glowing golden altar of the Shining One.
  7627 | D:8      | Noticed an angel
  7667 | D:9      | Gained mutation: You regenerate magic rapidly. [demonic ancestry]
  7667 | D:9      | Reached XP level 10. HP: 47/76 MP: 7/12
  7683 | D:9      | Reached ***** piety under Lugonu
  7780 | D:9      | Noticed a guardian serpent
  7785 | D:9      | Killed a guardian serpent
  7785 | D:9      | Reached skill level 5 in Shields
  8081 | D:9      | Found a shimmering altar of Xom.
  8086 | D:9      | Got a steaming whip
  8181 | D:9      | Reached skill level 9 in Armour
  8578 | D:9      | Found an ancient bone altar of Kikubaaqudgha.
  8583 | D:9      | Found a deep blue altar of Sif Muna.
  8607 | D:9      | Identified Kikubaaqudgha's Incunabulum of Black Secrets
  8617 | D:9      | Found a radiant altar of Vehumet.
  9219 | D:9      | Found a sparkling altar of Nemelex Xobeh.
  9219 | D:9      | Found an oddly glowing altar of Pakellas.
  9394 | D:10     | Entered Level 10 of the Dungeon
  9430 | D:10     | Found a staircase to the Orcish Mines.
  9445 | D:10     | Noticed Grum
  9468 | D:10     | Killed Grum
  9468 | D:10     | Reached skill level 10 in Armour
  9767 | D:10     | Gained mutation: You are mostly covered in sharp spines. [demonic ancestry]
  9767 | D:10     | Reached XP level 11. HP: 81/84 MP: 13/13
  9911 | D:10     | Noticed a hill giant
  9918 | D:10     | Killed a hill giant
  9926 | D:10     | Got a jewelled long sword
  9927 | D:10     | Identified the +6 long sword of Judgement {venom, rF- MR+++ Int+5 Dex-2} (You found it on level 10 of the Dungeon)
  9967 | D:10     | Noticed a hill giant
  9978 | D:10     | Killed a hill giant
 10468 | Orc:1    | Entered Level 1 of the Orcish Mines
 10468 | Orc:1    | Noticed an orc sorcerer
 10489 | D:10     | Killed an orc sorcerer
 10682 | Orc:1    | Noticed Josephine
 10784 | D:10     | Killed Josephine
 11017 | Orc:1    | Noticed an orc warlord
 11447 | D:10     | Killed an orc warlord
 11447 | D:10     | Reached skill level 11 in Armour
 12089 | Orc:1    | Noticed an orc sorcerer
 12091 | Orc:1    | Noticed a sun demon
 12098 | Orc:1    | Noticed a soul eater
 12104 | Orc:1    | Killed an orc sorcerer
 12436 | Orc:1    | Gained mutation: You are completely covered in sharp spines. [demonic ancestry]
 12436 | Orc:1    | Reached XP level 12. HP: 47/92 MP: 9/14
 12829 | Orc:2    | Entered Level 2 of the Orcish Mines
 12829 | Orc:2    | Found a staircase to the Elven Halls.
 12940 | Orc:2    | Noticed an ogre mage
 13149 | Orc:1    | Killed an ogre mage
 13205 | Orc:1    | Reached ****** piety under Lugonu
 13702 | Orc:2    | Reached skill level 12 in Armour
 13894 | Orc:2    | Noticed an ogre mage
 13908 | Orc:1    | Reached skill level 5 in Dodging
 14470 | Orc:1    | Cast into level 2 of the Abyss (an ogre mage)
 14470 | Abyss:2  | Found a corrupted altar of Lugonu.
 14521 | Orc:1    | Escaped the Abyss
 14533 | Orc:1    | Killed an ogre mage
 15442 | Orc:2    | Noticed an ogre mage
 15488 | Orc:2    | Killed an ogre mage
 15488 | Orc:2    | Reached XP level 13. HP: 74/100 MP: 15/15
 15597 | Orc:2    | Found Fiubixor's Assorted Antiques.
 15602 | Orc:2    | Found Hucij's Antique Weapon Shoppe.
 15602 | Orc:2    | Found Sagovyu's Jewellery Boutique.
 15612 | Orc:2    | Found Belouje's Assorted Antiques.
 15620 | Orc:2    | Bought a scroll of teleportation for 123 gold pieces
 15620 | Orc:2    | Bought a potion of curing for 123 gold pieces
 15620 | Orc:2    | Bought a scroll of teleportation for 123 gold pieces
 15842 | D:11     | Found a staircase to the Lair.
 15849 | D:11     | Reached skill level 13 in Armour
 16061 | D:11     | Identified the +8 whip "Esorom" {freeze, rF+ Str+4 Stlth+} (You found it on level 9 of the Dungeon)
 17877 | D:12     | Found a sacrificial altar of Ru.
 18994 | Lair:1   | Entered Level 1 of the Lair of Beasts
 19026 | Lair:1   | Gained mutation: You occasionally shout uncontrollably at your foes. [potion of mutation]
 19026 | Lair:1   | Gained mutation: You have a pair of small horns on your head. [potion of mutation]
 19026 | Lair:1   | Gained mutation: Your spells are a little easier to cast, but a little less powerful. [potion of mutation]
 19027 | Lair:1   | Gained mutation: Armour fits poorly on your strangely shaped body. [potion of mutation]
 19027 | Lair:1   | Gained mutation: You have an increased reservoir of magic (+10% MP). [potion of mutation]
 19027 | Lair:1   | Gained mutation: You have a pair of horns on your head. [potion of mutation]
 19028 | Lair:1   | Gained mutation: Your flesh is heat resistant. [potion of mutation]
 19028 | Lair:1   | Lost mutation: Your spells are a little easier to cast, but a little less powerful. [potion of mutation]
 19029 | Lair:1   | Lost mutation: You have a pair of horns on your head. [potion of cure mutation]
 19029 | Lair:1   | Lost mutation: Your flesh is heat resistant. [potion of cure mutation]
 19029 | Lair:1   | Lost mutation: You have an increased reservoir of magic (+10% MP). [potion of cure mutation]
 19029 | Lair:1   | Lost mutation: Armour fits poorly on your strangely shaped body. [potion of cure mutation]
 19029 | Lair:1   | Lost mutation: You have a pair of small horns on your head. [potion of cure mutation]
 19035 | Lair:1   | Lost mutation: You occasionally shout uncontrollably at your foes. [potion of cure mutation]
 19161 | Lair:1   | Got a steaming glaive
 19162 | Lair:1   | Identified the +10 glaive "Enoaris" {drain, *Rage rN+ Int+2} (You found it on level 1 of the Lair of Beasts)
 19431 | Lair:1   | Reached skill level 10 in Shields
 21121 | Lair:3   | Found a hole to the Spider Nest.
 21958 | Lair:4   | Gained mutation: When low on magic, you restore magic in place of health. [demonic ancestry]
 21958 | Lair:4   | Reached XP level 14. HP: 105/109 MP: 12/17
 21974 | Lair:4   | Reached skill level 5 in Invocations
 22719 | Lair:4   | Escaped the Abyss
 23061 | Lair:5   | Reached skill level 14 in Armour
 24657 | Lair:5   | Reached skill level 10 in Fighting
 25266 | Lair:6   | Found a staircase to the Shoals.
 26612 | Lair:7   | Reached skill level 10 in Axes
 27150 | Lair:8   | Entered Level 8 of the Lair of Beasts
 27200 | Lair:8   | Found a staircase to the Slime Pits.
 27200 | Lair:8   | Found a viscous altar of Jiyva.
 27525 | Lair:8   | Gained mutation: You have very sharp fingernails. [demonic ancestry]
 27525 | Lair:8   | Reached XP level 15. HP: 81/115 MP: 14/20
 28055 | Lair:8   | Reached skill level 15 in Armour
 28740 | Lair:8   | Got a twisted chain mail
 28742 | Lair:8   | Got a pair of slimy boots
 28753 | Lair:8   | Identified the +0 pair of boots "Ovvyow" {rElec MR+ Regen+} (You found it on level 8 of the Lair of Beasts)
 28764 | Lair:8   | Identified the +3 chain mail of Poaloder {rPois Int+3} (You found it on level 8 of the Lair of Beasts)
 29396 | Abyss:1  | Noticed a lich
 29399 | Lair:3   | Escaped the Abyss
 29663 | Spider:1 | Entered Level 1 of the Spider Nest
 31845 | Spider:2 | Noticed a ghost moth
 31870 | Spider:2 | Killed a ghost moth
 32123 | Spider:2 | Noticed a ghost moth
 32130 | Spider:2 | Killed a ghost moth
 32461 | Spider:2 | Reached XP level 16. HP: 113/124 MP: 21/21
 33638 | Spider:2 | Reached skill level 16 in Armour
 34106 | Spider:4 | Entered Level 4 of the Spider Nest
 35894 | Spider:4 | Reached XP level 17. HP: 72/133 MP: 2/23
 36616 | Spider:4 | Got a gossamer rune of Zot
 37006 | D:14     | Noticed Rupert
 37072 | D:13     | Killed Rupert
 37701 | D:14     | Noticed Frances
 37716 | D:14     | Killed Frances
 37851 | D:14     | Found a gate to the Vaults.
 37882 | Vaults:1 | Entered Level 1 of the Vaults
 39474 | Vaults:2 | Reached XP level 18. HP: 119/141 MP: 20/24
 39477 | Vaults:2 | Cast into level 3 of the Abyss (a deep elf sorcerer)
 39480 | Abyss:3  | Found a corrupted altar of Lugonu.
 39513 | Abyss:3  | Gained mutation: Scrolls take you a little longer to read. [a shining eye]
 39514 | Abyss:3  | Gained mutation: Scrolls take you longer to read. [a shining eye]
 39515 | Abyss:3  | Gained mutation: Your magical capacity is low (-10% MP). [a shining eye]
 39517 | Abyss:3  | Gained mutation: Your natural rate of healing is unusually fast. [a shining eye]
 39566 | Abyss:3  | Reached skill level 17 in Armour
 39600 | Abyss:3  | Noticed a bone dragon
 39629 | Vaults:2 | Escaped the Abyss
 40266 | Vaults:2 | Noticed Jory
 40515 | Vaults:2 | Noticed Mennas
 40581 | Vaults:2 | HP: 6/142 [Mennas/eudemon blade of holy wrath (8)]
 41084 | Vaults:2 | Noticed Xtahua
 41088 | Vaults:2 | HP: 7/142 [Xtahua/searing blast (53)]
 41088 | Vaults:2 | HP: 1/142 [Mennas/eudemon blade of holy wrath (6)]
 41088 | Vaults:2 | Mangled by Mennas

Skill      XL: |  1  2  3  4  5  6  7  8  9 10 11 12 13 14 15 16 17 18 |
---------------+-------------------------------------------------------+-----
Axes           | 2 3 5 7 8 9 10 11 12 13 | 13.1
Armour         | 2 3 4 5 6 8 10 11 12 13 14 15 16 17 | 17.1
Dodging        | 1 2 3 4 5 6 7 8 |  8.9
Shields        | 1 2 3 4 6 7 8 10 11 12 13 14 | 14.8
Fighting       | 4 5 6 7 8 9 10 11 12 | 12.6
Stealth        | 1 2 3 |  3.5
Throwing       | 1 2 3 4 |  4.0
Invocations    | 3 4 7 9 |  9.0
Maces & Flails | |  0.1

Action                   |  1- 3 |  4- 6 |  7- 9 | 10-12 | 13-15 | 16-18 || total
-------------------------+-------+-------+-------+-------+-------+-------++-------
Melee: Hand axe          |    62 |    81 |   376 |   573 |  1471 |  1551 ||  4114
       Whip              |       |       |       |       |     9 |       ||     9
Throw: Tomahawk          |       |     4 |     8 |    42 |     1 |    29 ||    84
Invok: Depart the Abyss  |     1 |       |       |     1 |     2 |     1 ||     5
       Bend Space        |       |       |     1 |     3 |     2 |     1 ||     7
       Banish            |       |       |     1 |       |    19 |     9 ||    29
       Enter the Abyss   |       |       |       |       |     2 |       ||     2
  Use: Scroll            |     1 |       |    14 |     4 |    18 |     8 ||    45
       Potion            |       |       |       |     4 |    17 |    24 ||    45
 Stab: Petrified         |       |       |       |       |     6 |       ||     6
  Eat: Chunk             |     1 |     2 |    15 |    18 |    58 |    33 ||   127
       Meat ration       |       |     1 |       |       |       |       ||     1
       Royal jelly       |       |       |     1 |       |     1 |       ||     2
       Bread ration      |       |       |       |     1 |       |       ||     1
       Fruit             |       |       |       |     8 |     9 |     3 ||    20
       Pizza             |       |       |       |       |     2 |       ||     2
Armor: Leather armour    |     4 |       |       |       |       |       ||     4
       Ring mail         |    20 |    29 |    29 |       |       |       ||    78
       Plate armour      |       |       |   184 |   327 |   515 |       ||  1026
       Chain mail        |       |       |       |       |   276 |   766 ||  1042
Dodge: Dodged            |    15 |    19 |    81 |   308 |   715 |   836 ||  1974
Block: Shield            |    34 |    30 |   171 |   406 |  1079 |  1099 ||  2819
